 Dungeon Crawl Stone Soup version 0.31.0-12-g77e489cdc1 (webtiles) character file.

Game seed: 9237790613904692704

189 Gadfly the Insei (level 5, -11/41 HPs)
             Began as a Demonspawn Monk on Feb 11, 2024.
             Engulfed by a cloud of flame (17 damage)
             ... on level 4 of the Dungeon.
             The game lasted 00:03:31 (1962 turns).

Gadfly the Insei (Demonspawn Monk)                  Turns: 1962, Time: 00:03:33

Health: -11/41     AC:  4    Str: 14    XL:     5   Next: 40%
Magic:  5/5        EV: 13    Int: 10    God:
Gold:   139        SH:  0    Dex: 15    Spells: 4/4 levels left

rFire   . .          .
                       - Unarmed
rCold   . . .        c - orb {light}
rNeg    . . .        a - +0 robe
rPois   .            (helmet restricted)
rElec   .            (no cloak)
rCorr   .            (no gloves)
SInv    .            (no boots)
Will    .....        (no amulet)
Stlth   +            (no ring)
HPRegen 0.26/turn    (no ring)
MPRegen 0.09/turn

%: no passive effects
@: confused, about to teleport, ambrosia-drunk, glowing
A: horns 1, yellow scales 1
a: no special abilities


You were on level 4 of the Dungeon.
You visited 1 branch of the dungeon, and saw 3 of its levels.

You collected 139 gold pieces.

Inventory:

Hand Weapons
 i - a +0 mace of draining
Armour
 a - a +0 robe (worn)
 c - an orb of light (worn)
Wands
 h - a wand of flame (29)
Scrolls
 k - a scroll of identify
Potions
 b - a potion of ambrosia
 d - a potion of brilliance {unknown}
 e - a potion of lignification
 f - a potion of curing {unknown}


   Skills:
 - Level 3.0 Fighting
 + Level 3.2 Dodging
 * Level 3.7 Unarmed Combat
 * Level 2.5 Evocations
 * Level 2.1 Shapeshifting


You had 4 spell levels left.
You didn't know any spells.
Your spell library contained the following spells:

 Spells                   Type           Power      Damage    Failure   Level
 Blink                    Tloc           0%         N/A       50%         2
 Lesser Beckoning         Tloc           0%         N/A       50%         2
 Momentum Strike          Conj/Tloc      0%         3d8       50%         2


Dungeon Overview and Level Annotations

Branches:
Dungeon (2/15)

Altars:
Uskayaw

Shops:
D:2 !   D:4 [*


Innate Abilities, Weirdness & Mutations

You have a pair of small horns on your head.
You are partially covered in yellow scales. (AC +2)


Message History

You now have 139 gold pieces (gained 40).
Things that are here:
a +0 dagger; 4 poisoned darts; a kobold corpse A malevolent force fills the Dungeon... and a teleportation trap spontaneously manifests!
You are yanked towards some nearby monsters!
Your surroundings suddenly seem different. 4 gnolls come into view.
The gnoll shouts! x4
The gnoll misses you. The gnoll hits you with a +0 flail.
The gnoll hits you from afar with a +0 halberd!
The gnoll hits you with a +0 whip. The gnoll barely misses you.
The gnoll misses you.
You hit the gnoll.
The gnoll is moderately wounded.
The gnoll barely misses you. The gnoll misses you. x2
The gnoll closely misses you.
As you read the scroll labelled ATZIDE SU HEFRU, it crumbles to dust.
The creatures around you are filled with an inner flame!
It was a scroll of immolation.
The gnoll barely misses you. The gnoll closely misses you.
The gnoll misses you. The gnoll closely misses you.
Okay, then.
As you read the scroll of teleportation, it crumbles to dust.
You feel strangely unstable. The gnoll barely misses you.
The gnoll hits you with a +0 flail. The gnoll misses you.
The gnoll closely misses you. The gnoll hits you with a +0 flail.
The gnoll closely misses you. The gnoll hits you with a +0 whip.
You hit the gnoll.
Flame seeps out of the gnoll.
The gnoll is moderately wounded.
The gnoll hits you with a +0 club. The gnoll barely misses you.
The gnoll is engulfed in blazing flames.
The gnoll explodes!
The fiery explosion engulfs you!
* * * LOW HITPOINT WARNING * * *
The gnoll barely misses you.
Okay, then.
You are confused.
You feel invigorated.
You are engulfed in blazing flames.
You die...

#####
...#
###g####
#..g@○.#
#.#g##§#
# #.# #
#.. ##.#
.# .. .#
.#


You could see 3 gnolls.

Vanquished Creatures
  A scorpion (D:4)
  An iguana (D:4)
  An orc wizard (D:4)
  A gnoll (D:4)
  2 adders (D:2)
  3 dart slugs (D:1)
  2 orcs (D:4)
  2 endoplasms (D:2)
  2 giant cockroaches (D:1)
  6 goblins
  6 hobgoblins
  3 quokkas
  4 ball pythons
  3 bats (D:1)
  A frilled lizard (D:1)
  5 kobolds
  4 rats (D:1)
47 creatures vanquished.

Notes
Turn   | Place    | Note
-------+----------+-------------------------------------------
     0 | D:1      | Gadfly the Demonspawn Monk began the quest for the Orb.
     0 | D:1      | Reached XP level 1. HP: 18/18 MP: 1/1
   171 | D:1      | Gained mutation: You have a pair of small horns on your
                  | head. [demonic ancestry]
   171 | D:1      | Reached XP level 2. HP: 24/24 MP: 2/2
   276 | D:1      | Reached skill level 1 in Evocations
   449 | D:1      | Reached skill level 1 in Shapeshifting
   458 | D:1      | Gained mutation: You are partially covered in yellow
                  | scales. (AC +2) [demonic ancestry]
   458 | D:1      | Reached XP level 3. HP: 20/29 MP: 3/3
  1204 | D:2      | Found a hide-covered altar of Uskayaw.
  1452 | D:2      | Found Vybryxobae's Distillery.
  1464 | D:2      | You fall into a shaft and drop 2 floors!
  1466 | D:4      | Noticed a scorpion
  1476 | D:4      | Killed a scorpion
  1477 | D:4      | Reached XP level 4. HP: 10/35 MP: 4/4
  1651 | D:4      | Found Gicw's Armour Shoppe.
  1762 | D:4      | Reached XP level 5. HP: 31/41 MP: 5/5
  1809 | D:4      | Found Fuupekk's General Store.
  1962 | D:4      | Engulfed by a cloud of flame

Illustrated notes

Levels and vault maps discovered:
D:1:      mainiacjoe_arrival_reflecting_pool, layout_basic,
          chequers_serial_rivers_micro_e
D:2:      layout_loops_cross, shapermc_ecumenical_altar_pompeii, serial_shops,
          nicolae_shop_peninsula, basic_altar, minmay_tree_intersection
D:4:      layout_loops_cross, kennysheep_okawaru_gauntlet,
          minmay_temple_entry_enclosed_plants, serial_shops, shop, shop, shop,
          st_stairs_8, uniq_eustachio

Skill      XL: |  1  2  3  4 |
---------------+-------------+-----
Evocations     | 1 2 |  2.5
Unarmed Combat | 3 |  3.7
Shapeshifting  | 1 2 |  2.1
Dodging        | 3 |  3.2
Fighting       | |  3.0

Action                     |  1- 3 |  4- 6 || total
---------------------------+-------+-------++-------
  Melee: Unarmed           |   109 |    33 ||   142
         Headbutt          |    19 |     8 ||    27
    Use: Scroll            |       |     5 ||     5
         Potion            |       |     2 ||     2
 Armour: Robe              |    39 |    22 ||    61
  Dodge: Dodged            |    56 |    31 ||    87
